 Dungeon Crawl Stone Soup version 0.18-a0-1748-g7377c14 (webtiles) character file.

308 alfred1011 the Twirler (level 6, -11/50 HPs)
             Began as a Minotaur Gladiator on Apr 12, 2016.
             Mangled by an ogre
             ... wielding a +0 giant club
              (15 damage)
             ... on level 3 of the Dungeon.
             The game lasted 00:10:36 (2361 turns).

alfred1011 the Twirler (Minotaur Gladiator)         Turns: 2361, Time: 00:10:37

Health: -11/50     AC:  4    Str: 22    XL:     6   Next: 16%
Magic:  5/5        EV: 14    Int:  5    God:
Gold:   194        SH:  0    Dex: 10    Spells: 0 memorised, 5 levels left

rFire  . . .     SeeInvis .     t - +2 quarterstaff (chaos)
rCold  . . .     Gourm    .     u - +1 robe {MR+}
rNeg   . . .     Faith    .     (shield currently unavailable)
rPois  .         Spirit   .     c - +0 hat
rElec  .         Dismiss  .     h - +0 cloak
rCorr  .         Reflect  .     (no gloves)
SustAt .         Harm     .     (no boots)
MR     +....                    (no amulet)
Stlth  +.........               (no ring)
                                (no ring)

@: somewhat resistant to hostile enchantments, very unstealthy
A: retaliatory headbutt, horns 2
a: no special abilities


You were on level 3 of the Dungeon.
You were not hungry.

You visited 1 branch of the dungeon, and saw 4 of its levels.

You collected 194 gold pieces.

Inventory:

Hand Weapons
 a - a +0 quarterstaff
 t - a +2 quarterstaff of chaos (weapon)
Missiles
 d - 3 throwing nets
 i - 5 tomahawks (quivered)
Armour
 c - a +0 hat (worn)
 h - a +0 cloak (worn)
 u - a +1 robe of magic resistance (worn)
Scrolls
 e - 4 scrolls of remove curse {unknown}
 j - a scroll of fog {unknown}
 k - 2 scrolls of teleportation {unknown}
 l - a scroll of blinking {unknown}
 p - 4 scrolls of identify {unknown}
 q - 2 scrolls of random uselessness {unknown}
 s - 2 scrolls of noise {unknown}
Potions
 b - a potion of invisibility {unknown}
 o - a potion of heal wounds {unknown}
 r - 2 potions of mutation {unknown}
 v - a potion of cancellation {unknown}
 x - a potion of might {unknown}
 z - a potion of agility {unknown}
Comestibles
 f - a bread ration
 g - 2 beef jerkies
 m - a royal jelly
 n - a meat ration
 w - 3 fruits


   Skills:
 - Level 2.4 Fighting
 + Level 6.3 Staves
 - Level 2.0 Throwing
 + Level 5.9 Dodging


You had 5 spell levels left.
You didn't know any spells.

Dungeon Overview and Level Annotations

Branches:
Dungeon (4/15)
 Temple: D:4-7

Altars:
Fedhas
Kikubaaqudgha

Shops:
D:4 =


Innate Abilities, Weirdness & Mutations

You reflexively headbutt those who attack you in melee.
You have a pair of horns on your head.


Message History

There is an open door here.
The ogre hits you with a giant club!! The ogre closely misses you.
The gnoll closely misses you. You furiously retaliate!
You headbutt the gnoll. The ogre barely misses you. The gnoll hits you.
The ogre closely misses you. You furiously retaliate!
You headbutt the ogre.
There is a stone staircase leading up here.
The gnoll hits you.
* * * LOW HITPOINT WARNING * * *
The gnoll hits you from afar with a halberd.
* * * LOW HITPOINT WARNING * * *
The gnoll hits you!
* * * LOW HITPOINT WARNING * * *
You climb upwards.
There is a stone staircase leading down here.
You hit the ogre.
The ogre is moderately wounded.
The ogre hits you with a giant club!
You die...

#....)............
#.########.##.#.#.
#.# #.##...#. #.#
#.##.###. #.#
######'##.#..< #.#
#.......#.#.## #.#
#....[..#.#...
#g###.........#.##
#@O...............
#g#############.##
#.# #.# #.# ##'##
#.# #...# #.#
#...# #.# #...#
#.# ##.## #.# #.##


You could see an ogre and 2 gnolls.

Vanquished Creatures
  Sigmund (D:3)
  Crazy Yiuf (D:2)
  An orc wizard (D:4)
  2 adders (D:2)
  4 worms
  2 dart slugs
  5 giant geckos
  5 orcs (D:4)
  A giant cockroach (D:3)
  3 goblins
  7 hobgoblins
  5 kobolds
  3 quokkas
  3 ball pythons
  8 bats
  5 giant newts
  A jackal skeleton (D:4)
  5 rats
  2 fungi (D:2)
64 creatures vanquished.

Notes
Turn   | Place    | Note
--------------------------------------------------------------
     0 | D:1      | alfred1011 the Minotaur Gladiator began the quest for the Orb.
     0 | D:1      | Reached XP level 1. HP: 18/18 MP: 0/0
   412 | D:2      | Reached skill level 4 in Staves
   412 | D:2      | Reached XP level 2. HP: 25/25 MP: 1/1
   527 | D:2      | Reached XP level 3. HP: 27/30 MP: 2/2
   733 | D:2      | Found a blossoming altar of Fedhas.
   733 | D:2      | Found an ancient bone altar of Kikubaaqudgha.
   995 | D:2      | Noticed Crazy Yiuf
  1001 | D:2      | Killed Crazy Yiuf
  1001 | D:2      | Reached skill level 5 in Staves
  1001 | D:2      | Reached XP level 4. HP: 19/37 MP: 3/3
  1412 | D:3      | Noticed Sigmund
  1425 | D:3      | Killed Sigmund
  1425 | D:3      | Reached skill level 6 in Staves
  1425 | D:3      | Reached skill level 5 in Dodging
  1425 | D:3      | Reached XP level 5. HP: 16/42 MP: 4/4
  1663 | D:3      | Found a faded altar to an unknown god.
  2122 | D:4      | Reached XP level 6. HP: 48/50 MP: 5/5
  2176 | D:4      | Found Kocrykach's Jewellery Shoppe.
  2361 | D:3      | Mangled by an ogre

Vault maps used:
D:1:      minmay_arrival_five_plusses
D:2:      grunt_temple_overflow_growth_and_decay, uniq_crazy_yiuf_cottage
D:3:      ecumenical_altar_1, uniq_sigmund
D:4:      grunt_temple_overflow_champion_of_chaos, serial_shops,
          kennysheep_little_box, first_bread

Skill      XL: |  1  2  3  4 |
---------------+-------------+-----
Staves         | 4 5 6 |  6.3
Dodging        | 4 5 |  5.9
Fighting       | |  2.4
Throwing       | |  2.0

Action                   |  1- 3 |  4- 6 || total
-------------------------+-------+-------++-------
Melee: Quarterstaff      |    11 |    51 ||    62
       Mace              |    58 |     1 ||    59
       Headbutt          |    11 |     7 ||    18
Throw: Tomahawk          |    14 |       ||    14
       Throwing net      |     1 |       ||     1
  Eat: Chunk             |       |     3 ||     3
       Bread ration      |       |     1 ||     1
Armor: Leather armour    |    11 |     4 ||    15
       Robe              |       |     5 ||     5
Dodge: Dodged            |    30 |    42 ||    72
